 Dungeon Crawl Stone Soup version 0.24.0-35-gdb84b6a5db (webtiles) character file.

Game seed: 2677045097058541311, levelgen mode: deterministic

77 Ragecrab the Grave Robber (level 4, 0/30 HPs)
             Began as a Demonspawn Necromancer on Nov 18, 2019.
             Succumbed to an adder's poison
             ... on level 2 of the Dungeon.
             The game lasted 00:11:20 (1857 turns).

Ragecrab the Grave Robber (Demonspawn Necromancer)  Turns: 1857, Time: 00:11:20

Health: 0/30       AC:  2    Str: 14    XL:     4   Next: 14%
Magic:  0/7        EV: 12    Int: 22    God:
Gold:   97         SH:  0    Dex: 13    Spells: 7/8 levels left

rFire    . . .     SeeInvis .   (no weapon)
rCold    . . .     Gourm    .   (no shield)
rNeg     . . .     Faith    .   a - +0 robe
rPois    .         Spirit   .   (no helmet)
rElec    .         Reflect  .   (no cloak)
rCorr    .         Harm     .   (no gloves)
MR       .....                  (no boots)
Stlth    ++........             (no amulet)
HPRegen  0.10/turn              (no ring)
MPRegen  0.10/turn              (no ring)

@: mighty, brilliant, lethally poisoned (0 -> -10), hasted, very quick
A: claws 2
a: no special abilities


You were on level 2 of the Dungeon.
You were not hungry.

You visited 1 branch of the dungeon, and saw 2 of its levels.

You collected 97 gold pieces.

Inventory:

Armour
 a - a +0 robe (worn)
Wands
 e - a wand of disintegration (10)
Scrolls
 b - 3 scrolls of remove curse {unknown}
 d - a scroll of teleportation {unknown}
Potions
 h - a potion of might
Comestibles
 c - 6 rations


   Skills:
 + Level 0.2 Fighting
 + Level 2.1 Dodging
 - Level 1.7 Stealth
 + Level 2.5 Spellcasting
 + Level 5.7 Necromancy


You had 7 spell levels left.
You knew the following spells:

 Your Spells              Type           Power        Failure   Level  Hunger
a - Pain                  Necr           ####         1%          1    None

Your spell library contained the following spells:

 Spells                   Type           Power        Failure   Level  Hunger
 Animate Skeleton         Necr           N/A          1%          1    None
 Regeneration             Chrm/Necr      ####......   1%          3    ###....
 Vampiric Draining        Necr           #####.....   1%          3    ###....
 Animate Dead             Necr           N/A          1%          4    ####...


Dungeon Overview and Level Annotations

Branches:
Dungeon (2/15)

Altars:


Innate Abilities, Weirdness & Mutations

You have very sharp fingernails.


Message History

You feel clever all of a sudden.
* * * LOW HITPOINT WARNING * * *
You feel sick.
It was a potion of haste.
You feel yourself speed up.
* * * LOW HITPOINT WARNING * * *
You feel sick.
It was a potion of might.
You feel very mighty all of a sudden.
* * * LOW HITPOINT WARNING * * *
You feel sick.
A goblin comes into view. It is wielding a -3 dagger.
* * * LOW HITPOINT WARNING * * *
You feel sick.
Found 28 stones.
* * * LOW HITPOINT WARNING * * *
You feel sick.
A bat comes into view.
The goblin shouts!
A bat comes into view.
You die...

#<.######## # .
#.....(.###... .. #
#............. ...
###........###.# #..
.........>...#.#(.. # .
.##........###.#.# .#.b
.##........#..... .....
###........#.#.###...#.#
##########......@.....b.
...........#.#.###..####
##########.#..... ># #
#.###.#.# .# # #..
#g#... # # #.# #.# #.. #
#.. ... ..# # ## ### ##
#


You could see 2 bats.

Vanquished Creatures
  3 adders (D:2)
  An ooze (D:1)
  A worm (D:2)
  A dart slug (D:2)
  2 leopard geckos (D:1)
  A ball python (D:2)
  3 giant cockroaches
  2 goblins (D:1)
  4 hobgoblins
  3 jackals
  6 kobolds
  3 bats
  5 frilled lizards
  3 rats (D:1)
38 creatures vanquished.

Notes
Turn   | Place    | Note
-------+----------+-------------------------------------------
     0 | D:1      | Ragecrab the Demonspawn Necromancer began the quest for the
                  | Orb.
     0 | D:1      | Reached XP level 1. HP: 13/13 MP: 3/3
   144 | D:1      | Gained mutation: You have sharp fingernails. [demonic
                  | ancestry]
   144 | D:1      | Reached XP level 2. HP: 14/19 MP: 0/5
   230 | D:1      | Reached skill level 5 in Necromancy
   799 | D:1      | Reached XP level 3. HP: 8/24 MP: 0/6
   865 | D:2      | HP: 1/24 [jackal (1)]
  1844 | D:2      | Gained mutation: You have very sharp fingernails. [demonic
                  | ancestry]
  1844 | D:2      | Reached XP level 4. HP: 20/30 MP: 2/7
  1855 | D:2      | HP: 1/30 [poisoned by an adder]
  1857 | D:2      | Succumbed to an adder's poison

Levels and vault maps discovered:
D:1:      onia_arrival_pyramid, layout_loops_ring
D:2:      layout_rooms, first_ration, minmay_misc_feat_roman, minmay_tromino_i2

Skill      XL: |  1  2  3 |
---------------+----------+-----
Necromancy     | 5 |  5.7
Dodging        | 2 |  2.1
Fighting       | |  0.2
Stealth        | |  1.7
Spellcasting   | |  2.5

Action                   |  1- 3 |  4- 6 || total
-------------------------+-------+-------++-------
Melee: Unarmed           |    22 |     2 ||    24
 Cast: Pain              |    63 |     4 ||    67
  Use: Potion            |       |     3 ||     3
  Eat: Ration            |     1 |       ||     1
Armor: Robe              |    13 |       ||    13
Dodge: Dodged            |    32 |     1 ||    33
